 Dungeon Crawl Stone Soup version 0.27.1-3-gb3d3a73c9e (webtiles) character file.

Game seed: 3558543930005433442

109 Kinoniko the Cudgeller (level 4, -4/72 HPs)
             Began as an Ogre Berserker on Oct 6, 2021.
             Was a Believer of Trog.
             Slain by Sigmund (10 damage)
             ... on level 3 of the Dungeon.
             The game lasted 00:01:57 (2463 turns).

Kinoniko the Cudgeller (Ogre Berserker)             Turns: 2463, Time: 00:01:58

Health: -4/72      AC:  3    Str: 22    XL:     4   Next: 89%
Magic:  4/4        EV: 10    Int:  8    God:    Trog [**....]
Gold:   125        SH:  0    Dex:  8    Spells: 3/3 levels left

rFire    . . .     SeeInvis .   a - +0 mace
rCold    + . .     Faith    .   (no shield)
rNeg     . . .     Spirit   .   b - +0 animal skin
rPois    .         Reflect  .   (helmet restricted)
rElec    .         Harm     .   (no cloak)
rCorr    .         Rampage  .   (gloves unavailable)
Will     .....                  (boots unavailable)
Stlth    ..........             (no amulet)
HPRegen  0.22/turn              h - ring of protection from cold
MPRegen  0.09/turn              (no ring)

@: confused, berserking (expiring), lethally poisoned (-4 -> -5), very quick
A: large, unfitting armour, tough skin 1
a: Renounce Religion, Berserk, Trog's Hand


You were on level 3 of the Dungeon.
You worshipped Trog.
Trog was pleased with you.
You visited 1 branch of the dungeon, and saw 3 of its levels.

You collected 125 gold pieces.

Inventory:

Hand Weapons
 a - a +0 mace (weapon)
 n - a +0 whip
Armour
 b - a +0 animal skin (worn)
Jewellery
 g - an amulet of magic regeneration
 h - a ring of protection from cold (left hand)
Wands
 i - a wand of acid (10)
Scrolls
 c - a scroll of noise {unknown}
 d - a scroll of amnesia {unknown}
 e - 2 scrolls of teleportation {unknown}
 f - a scroll of identify {unknown}
 j - 2 scrolls of blinking {unknown}
 l - a scroll of enchant weapon {unknown}
Potions
 k - a potion of haste {unknown}
 m - a potion of curing {unknown}
 o - a potion of resistance


   Skills:
 - Level 4.0 Fighting
 * Level 4.9 Maces & Flails
 - Level 2.6 Dodging


You had 3 spell levels left.
You didn't know any spells.
Your spell library was empty.

Dungeon Overview and Level Annotations

Branches:
Dungeon (3/15)

Altars:

Shops:
D:1 [

Annotations:
D:3 Sigmund, Terence


Innate Abilities, Weirdness & Mutations

You are too large for most types of armour.
You have tough skin. (AC +1)


Message History

Something completely misses you.
You barely miss Terence.
Terence is moderately wounded.
The adder bites you. Terence shouts, "Now you die!" Terence barely misses you.
The adder closely misses you.
You hit Terence.
Terence is heavily wounded.
Terence shouts, "ATTACK!!!"
Terence hits you with a +2 flail of protection!
You hear some strange, mumbled words.
A magic dart appears from out of thin air!
The magic dart hits you! The adder bites you.
You closely miss something.
Terence hits you with a +2 flail of protection!
* * * LOW HITPOINT WARNING * * *
Something hits you.
* * * LOW HITPOINT WARNING * * *
The adder bites you.
* * * LOW HITPOINT WARNING * * *
You are poisoned.
The adder poisons you!
You barely miss something.
You feel sick.
Unknown command.
You barely miss something.
You feel sick. The adder closely misses you.
Terence says, "Don't bother to defend, it's pointless."
Terence closely misses you.
You hear some strange, mumbled words.
You are confused.
Unknown command.
Unknown command.
Unknown command.
You're too confused to move!
You feel sick. The adder bites you.
* * * LOW HITPOINT WARNING * * *
Terence hits you but does no damage.
You feel a strong urge to attack something.
The adder bites you.
* * * LOW HITPOINT WARNING * * *
Something hits you!
You die...

#.#####
#.....#
#####.# ###
#.# ...#
#.####...#
#.#......#
#.$.@#...#
#######.S<...#
......?@{....#
#######......#
#.##...# ...
....# ... ...#
#.... ..#
#.... ..#
#.....


You could see Terence and an adder.

Vanquished Creatures
  An orc wizard (D:3)
  An adder (D:2)
  4 worms (D:2)
  2 dart slugs
  4 orcs (D:3)
  4 bats
  8 endoplasms
  A giant cockroach (D:1)
  4 goblins
  3 hobgoblins
  6 jackals
  4 kobolds
  3 frilled lizards
  7 rats
52 creatures vanquished.

Vanquished Creatures (others)
  A fungus (D:2)
  5 toadstools (D:2)
6 creatures vanquished.

Grand Total: 58 creatures vanquished

Notes
Turn   | Place    | Note
-------+----------+-------------------------------------------
     0 | D:1      | Kinoniko the Ogre Berserker began the quest for the Orb.
     0 | D:1      | Reached XP level 1. HP: 24/24 MP: 1/1
   132 | D:1      | Reached XP level 2. HP: 15/32 MP: 2/2
   584 | D:1      | Found Qujixog's Armour Emporium.
   886 | D:2      | Reached XP level 3. HP: 19/39 MP: 3/3
  1114 | D:2      | Reached ** piety under Trog
  1819 | D:2      | Reached XP level 4. HP: 48/48 MP: 4/4
  2448 | D:3      | Noticed Sigmund
  2450 | D:3      | Noticed Terence
  2463 | D:3      | Slain by Sigmund

Illustrated notes

Levels and vault maps discovered:
D:1:      minmay_arrival_three_doors, layout_basic, serial_shops, shop,
          chequers_serial_rivers_micro_e, amethyst_killhole, corner_web_ring,
          amcnicky_mini_corridor_feature, chequers_serial_rivers_marsh,
          minmay_misc_feat_iff
D:2:      layout_loops_ring, minmay_gold_behind_fungi
D:3:      layout_basic, uniq_robin, uniq_terence, uniq_sigmund

Skill      XL: |  1  2  3 |
---------------+----------+-----
Maces & Flails | 3 4 |  4.9
Fighting       | |  4.0
Dodging        | |  2.6

Action                   |  1- 3 |  4- 6 || total
-------------------------+-------+-------++-------
Melee: Mace              |   127 |    66 ||   193
Invok: Berserk           |       |     2 ||     2
 Stab: Sleeping          |     2 |     1 ||     3
Armor: Animal skin       |    41 |    22 ||    63
Dodge: Dodged            |    87 |    33 ||   120
